 Dungeon Crawl Stone Soup version 0.17.1-1-g73c8601 (webtiles) character file.

696 Implojin the Ruffian (level 7, -6/72 HPs)
             Began as a Troll Fighter on Apr 3, 2016.
             Was a Follower of Okawaru.
             Killed from afar by Erolcha (15 damage)
             ... with a wand of lightning
             ... on level 8 of the Dungeon.
             The game lasted 00:05:28 (827 turns).

Implojin the Ruffian (Troll Fighter)                 Turns: 827, Time: 00:05:28

Health: -6/72      AC: 10    Str: 25    XL:     7   Next: 37%
Magic:  6/6        EV: 12    Int:  4    God:    Okawaru [*.....]
Gold:   54         SH: 11    Dex: 11    Spells: 0 memorised, 6 levels left

rFire  . . .     SeeInvis .       - Unarmed
rCold  . . .     Clarity  .     e - +2 robe {MR+}
rNeg   . . .     SustAt   .     b - +0 shield
rPois  .         Gourm    +     (helmet restricted)
rElec  .         Spirit   .     o - +0 cloak
rCorr  .         Warding  .     (gloves unavailable)
rMut   .         Rnd*Tele +     (boots unavailable)
MR     +....                    (no amulet)
Stlth  ++........               h - +2 ring of protection
                                f - ring of teleportation (curse)

@: lethally poisoned (-6 -> -7), heroism, somewhat resistant to hostile
enchantments, unstealthy
A: unfitting armour, claws 3, fast metabolism 3, gourmand, regeneration 2,
shaggy fur 1, tough skin 2
a: Heroism, Renounce Religion, Evoke Teleportation


You were on level 8 of the Dungeon.
You worshipped Okawaru.
Okawaru was aware of your devotion.
You were completely stuffed.

You visited 2 branches of the dungeon, and saw 8 of its levels.

You collected 54 gold pieces.

Inventory:

Armour
 a - a +0 robe
 b - a +0 shield (worn)
 e - a +2 robe of magic resistance (worn)
 o - a +0 cloak (worn)
Jewellery
 f - a cursed ring of teleportation (left claw)
 h - a +2 ring of protection (right claw)
Wands
 n - a wand of fireball (7)
Scrolls
 i - a scroll of teleportation
 k - a scroll of fear
 l - a scroll of identify {unknown}
 m - a scroll of recharging {unknown}
 q - a scroll of random uselessness {unknown}
 r - a scroll of summoning {unknown}
Potions
 c - a potion of might
 j - a potion of curing {unknown}
 p - a potion of flight {unknown}
Comestibles
 d - 4 bread rations
 g - 4 chunks of flesh


   Skills:
 * Level 5.2(10.2) Fighting
 - Level 2.4(7.4) Dodging
 - Level 2.4(7.4) Shields
 - Level 6.2(11.2) Unarmed Combat


You had 6 spell levels left.
You didn't know any spells.

Dungeon Overview and Level Annotations

Branches:
Dungeon (8/15)             Temple (1/1) D:4
   Lair: D:8-11

Altars:
Cheibriados
Dithmenos
Elyvilon
Fedhas
Gozag
Kikubaaqudgha
Makhleb
Nemelex Xobeh
Okawaru
Qazlal
Ru
Sif Muna
Trog
Vehumet
Xom
Yredelemnul
Zin
The Shining One

Annotations:
D:8 Erolcha, Maurice


Innate Abilities, Weirdness & Mutations

You are too large for most types of armour.
You have claws for hands.
Your metabolism is lightning-fast.
You like to eat raw meat.
You heal very quickly.
You are covered in fur (AC +1).
You have very tough skin (AC +2).


Message History

Erolcha zaps a wand.
The bolt of lightning hits you!
* * * LOW HITPOINT WARNING * * *
It is a wand of lightning.
Erolcha zaps a wand.
The bolt of lightning misses you.
Found 2 glowing emerald potions.
Unknown command.
You feel sick.
Erolcha roars.
Erolcha gestures at you while chanting. The sting hits you!
You are more poisoned.
Unknown command.
You claw Erolcha!
Erolcha is lightly wounded.
Erolcha zaps a wand.
The bolt of lightning misses you.
You completely miss Erolcha.
Erolcha is lightly wounded.
You feel sick.
Erolcha zaps a wand.
The bolt of lightning hits you!
* * * LOW HITPOINT WARNING * * *
You claw Erolcha!
Erolcha is moderately wounded.
You scratch Erolcha.
Erolcha is moderately wounded.
Erolcha drinks a potion.
Erolcha suddenly seems more agile.
You closely miss Erolcha.
Erolcha is moderately wounded.
You feel sick. Erolcha misses you.
You barely miss Erolcha.
Erolcha is moderately wounded.
You mangle Erolcha!!
Erolcha is severely wounded.
Erolcha zaps a wand.
The bolt of lightning misses you.
Your shield prevents you from hitting Erolcha.
Erolcha is severely wounded.
You feel sick.
Erolcha zaps a wand.
The bolt of lightning hits you!
* * * LOW HITPOINT WARNING * * *
You scratch Erolcha but do no damage.
Erolcha is severely wounded.
Erolcha zaps a wand.
The bolt of lightning hits you!
You die...

..# #.# #.##.##.#.# ..#
#.# #.# ..#.#.# ... ..!
#.. #....# ..# ## ##.#
#.#.# ..# #..##
#...###### #######...#
#.#.......
..........###.##.######
#######......# #.#
#....O@.....####.#
...##.............#
#.##.#.#.###### ...
#..###.! .## ###. #.#
.. #. .# . .# # #


You could see Erolcha.

Vanquished Creatures
  A water moccasin (D:6)
  An orc warrior (D:8)
  An ice beast (D:5)
  2 water moccasin zombies
  A hound (D:6)
  Crazy Yiuf (D:5)
  A centaur skeleton (D:6)
  A jelly (D:8)
  An orc wizard (D:3)
  A worker ant (D:6)
  An iguana (D:5)
  Natasha (D:4)
  A hound skeleton (D:4)
  3 adders
  An adder skeleton (D:4)
  7 orcs
  A bat (D:4)
  3 jackals (D:1)
  2 giant newts
31 creatures vanquished.

Notes
Turn   | Place    | Note
--------------------------------------------------------------
     0 | D:1      | Implojin the Troll Fighter began the quest for the Orb.
     0 | D:1      | Reached XP level 1. HP: 22/22 MP: 0/0
    88 | D:2      | Reached skill level 3 in Unarmed Combat
    88 | D:2      | Reached XP level 2. HP: 26/29 MP: 1/1
   147 | D:3      | Reached XP level 3. HP: 31/36 MP: 2/2
   177 | D:3      | Reached skill level 4 in Unarmed Combat
   237 | D:4      | Found a staircase to the Ecumenical Temple.
   241 | D:4      | Reached XP level 4. HP: 44/44 MP: 3/3
   263 | Temple   | Entered the Ecumenical Temple
   280 | Temple   | Became a worshipper of Warmaster Okawaru
   377 | D:4      | Noticed Natasha
   386 | D:4      | Killed Natasha
   451 | D:5      | Entered Level 5 of the Dungeon
   564 | D:5      | Reached skill level 5 in Unarmed Combat
   599 | D:5      | Noticed Crazy Yiuf
   612 | D:5      | Found a shadowy altar of Dithmenos.
   613 | D:5      | Noticed an ice beast
   619 | D:5      | Killed Crazy Yiuf
   619 | D:5      | Reached XP level 5. HP: 50/50 MP: 4/4
   639 | D:5      | Killed an ice beast
   639 | D:5      | Reached skill level 6 in Unarmed Combat
   678 | D:6      | Reached XP level 6. HP: 46/59 MP: 5/5
   687 | D:6      | Reached * piety under Okawaru
   687 | D:6      | Reached skill level 3 in Fighting
   700 | D:6      | Found a stormy altar of Qazlal.
   715 | D:6      | Noticed a water moccasin
   723 | D:6      | Killed a water moccasin
   723 | D:6      | Reached skill level 4 in Fighting
   738 | D:6      | You fall through a shaft for 2 floors!
   756 | D:8      | Reached XP level 7. HP: 41/71 MP: 4/6
   762 | D:8      | Reached ** piety under Okawaru
   787 | D:8      | Noticed Maurice
   791 | D:8      | Noticed Erolcha
   803 | D:8      | Reached skill level 5 in Fighting
   827 | D:8      | Killed from afar by Erolcha

Action                   |  1- 3 |  4- 6 |  7- 9 || total
-------------------------+-------+-------+-------++-------
Melee: Unarmed           |    32 |    78 |    24 ||   134
Invok: Heroism           |       |     1 |     1 ||     2
  Use: Scroll            |       |     2 |     1 ||     3
  Eat: Chunk             |     7 |     5 |     1 ||    13

Table legend:
 A = Turns spent in this place as a percentage of turns spent in the entire game.
 B = Non-inter-level travel turns spent in this place as a percentage of non-inter-level travel turns spent in the entire game.
 C = Inter-level travel turns spent in this place as a percentage of turns spent in this place.
 D = Turns resting spent in this place as a percentage of non-inter-level travel turns spent in this place.
 E = Turns spent auto-exploring this place as a percentage of non-inter-level travel turns spent in this place.
 F = Non-inter-level travel turns spent in this place divided by the number of levels of this place that you've seen.
                   A       B       C       D       E      F
               +-------+-------+-------+-------+-------+----------------------
         Total | 100.0 | 100.0 |   0.0 |   0.0 |   0.0 |  99.6
       Dungeon |  95.1 |  95.1 |   0.0 |   0.0 |   0.0 | 108.3
        Temple |   4.9 |   4.9 |   0.0 |   0.0 |   0.0 |  39.0
               +-------+-------+-------+-------+-------+----------------------

Table legend:
 A = Kills in this place as a percentage of kills in entire the game.
 B = Kills by you in this place as a percentage of kills by you in the entire game.
 C = Kills by friends in this place as a percentage of kills by friends in the entire game.
 D = Other kills in this place as a percentage of other kills in the entire game.
 E = Experience gained in this place as a percentage of experience gained in the entire game.
 F = Experience gained in this place divided by the number of levels of this place that you have seen.
                   A       B       C       D       E      F
               +-------+-------+-------+-------+-------+----------------------
         Total | 100.0 | 100.0 |  -nan |  -nan | 100.0 | 124.4
       Dungeon | 100.0 | 100.0 |  -nan |  -nan | 100.0 | 142.1
               +-------+-------+-------+-------+-------+----------------------
